 Dungeon Sprint DCSS version 0.20.1-1-g8b1a95d (webtiles) character file.

355 wojtek the Basher (level 6, 17/61 HPs)
             Began as a Minotaur Berserker on Jan 2, 2018.
             Was a Priest of Trog.
             Quit the game in the Dungeon (Sprint II: "The Violet Keep of Menkaure").
             The game lasted 00:00:47 (170 turns).

wojtek the Basher (Minotaur Berserker)               Turns: 170, Time: 00:00:48

Health: 17/61      AC:  2    Str: 23    XL:     6   Next: 36%
Magic:  4/4        EV: 14    Int:  2    God:    Trog [***...]
Gold:   486        SH:  0    Dex:  8    Spells: 5/5 levels left

rFire    . . .     SeeInvis .   a - +0 mace
rCold    . . .     Gourm    .   (no shield)
rNeg     . . .     Faith    .   b - +0 animal skin
rPois    .         Spirit   .   (helmet restricted)
rElec    .         Reflect  .   (no cloak)
rCorr    .         Harm     .   (no gloves)
MR       .....     Rnd*Rage +   (no boots) Stlth +.........NoTele +
                                (no amulet)
Regen    0.2/turn               (no ring)
MPRegen  0.1/turn               (no ring)

@: berserk cooldown, slowed, lost intelligence, very slow
A: retaliatory headbutt, horns 2, berserk 1, clumsy 1, dopey 1, low mp 1
a: Berserk, Trog's Hand, Burn Spellbooks, Renounce Religion


You were in the Dungeon.
You worshipped Trog.
Trog was most pleased with you.
You were not hungry.

You visited 1 branch You collected 486 gold pieces.

Inventory:

Hand Weapons
 a - a +0 mace (weapon)
Armour
 b - a +0 animal skin (worn)
Scrolls
 i - a scroll of blinking
Potions
 d - a potion of curing
 e - a potion of heal wounds
 f - a potion of haste
 g - 2 potions of magic
 h - a potion of berserk rage
Comestibles
 c - a bread ration
 j - 5 chunks of flesh


   Skills:
 + Level 8.1 Fighting
 * Level 10.8 Maces & Flails
 + Level 7.8 Armour
 + Level 6.9 Dodging


You had 5 spell levels left.
You didn't know any spells.

Dungeon Overview and Level Annotations

Branches:
Dungeon (1/1)

Altars:


Innate Abilities, Weirdness & Mutations

You reflexively headbutt those who attack you in melee.
You have a pair of horns on your head.
You tend to lose your temper in combat.
You are clumsy. (Dex -2)
You are dopey. (Int -2)
Your magical capacity is low. (-10% MP)


Message History

The puff of frost hits you!
* * * LOW HITPOINT WARNING * * *
You thump the neqoxec!
You kill the neqoxec!
Trog accepts your kill. Something appears at your feet! Trog grants you a gift!
The white imp disappears in a puff of smoke!
You feel your intelligence returning.
Your Fighting skill increases to level 8!
Your Maces & Flails skill increases to level 10!
Your Armour skill increases to level 7!
You have reached level 6!
Your experience leads to an increase in your attributes!
Your base attributes are Str 22, Int 4, Dex 10.
Increase (S)trength, (I)ntelligence, or (D)exterity?
You feel stronger.
There is an open door here.
You close the door.
Are you sure you want to abandon this character and quit the game? (Confirm with "yes".)

≈≈≈.........#
##+## ##.#.##
#..##.#
##..#####
##'###.#
##.##..##
+.<.'##.+
##@##..##
##+###.# #(##
### #.## ##


There were no monsters in sight!

Vanquished Creatures
  2 neqoxecs (D)
  4 worker ants (D)
  3 worms (D)
9 creatures vanquished.

Vanquished Creatures (others)
  Menkaure (D)
  A crocodile (D)
2 creatures vanquished.

Grand Total: 11 creatures vanquished

Notes
Turn   | Place    | Note
-------+----------+-------------------------------------------
     0 | D        | wojtek the Minotaur Berserker began the quest for the Orb.
     0 | D        | Reached XP level 1. HP: 19/19 MP: 0/0
     7 | D        | Reached skill level 4 in Maces & Flails
     8 | D        | Killed a crocodile
    18 | D        | Noticed an orange crystal statue
    22 | D        | Reached ** piety under Trog
    22 | D        | Reached XP level 2. HP: 20/27 MP: 1/1
    45 | D        | Killed Menkaure
    98 | D        | Reached skill level 5 in Fighting
    98 | D        | Reached skill level 6 in Maces & Flails
    98 | D        | Reached XP level 3. HP: 36/36 MP: 2/2
   103 | D        | Reached skill level 7 in Maces & Flails
   103 | D        | Reached skill level 5 in Armour
   103 | D        | Reached XP level 4. HP: 36/42 MP: 3/3
   108 | D        | Reached *** piety under Trog
   146 | D        | Noticed a neqoxec
   148 | D        | Lost intelligence.
   148 | D        | Gained mutation: You are dopey. (Int -2) [a neqoxec]
   150 | D        | Noticed a neqoxec
   151 | D        | Gained mutation: You are clumsy. (Dex -2) [a neqoxec]
   154 | D        | Killed a neqoxec
   154 | D        | Reached skill level 9 in Maces & Flails
   154 | D        | Reached XP level 5. HP: 52/52 MP: 4/4
   156 | D        | Gained mutation: Your magical capacity is low. (-10% MP) [a neqoxec]
   165 | D        | Gained mutation: You tend to lose your temper in combat. [a neqoxec]
   166 | D        | Killed a neqoxec
   166 | D        | Received a gift from Trog
   166 | D        | Reached skill level 10 in Maces & Flails
   166 | D        | Reached XP level 6. HP: 15/61 MP: 4/4
   170 | D        | Quit the game

Skill      XL: |  1  2  3  4  5 |
---------------+----------------+-----
Fighting       | 4 5 7 8 |  8.1
Maces & Flails | 4 6 7 9 10 | 10.8
Armour         | 3 4 5 6 7 |  7.8
Dodging        | 3 4 6 |  6.9

Action                   |  1- 3 |  4- 6 || total
-------------------------+-------+-------++-------
Melee: Mace              |    15 |    19 ||    34
       Headbutt          |     7 |     3 ||    10
Invok: Berserk           |       |     1 ||     1
Armor: Animal skin       |     2 |     1 ||     3
Dodge: Dodged            |     7 |    13 ||    20
